General information
- name: BNet
- type: Ladder 1vs1/FFA
- host: Battle.net
- saver: muci
map: TwistedMeadows
- players: 2
- length: 34:48
- speed: Fast
- version: 1.26 W3XP
- replay type: Public
» download(105 KB)
Players
team 1 (loser)

»
Edward_Teach (
purple | 48 APM | 1666 actions | 34:48)
4 Dark Ranger
2 Life Drain
2 Black Arrow
3 Archmage
2 Brilliance Aura
1 Summon Water Elemental
» actions
| Assign group hotkey | 40 | |
| Basic commands | 2 | |
| Build / train | 98 | |
| Enter build submenu | 41 | |
| Enter hero's abilities submenu | 7 | |
| Remove unit from queue | 4 | |
| Right click | 487 | |
| Select / deselect | 542 | |
| Select group hotkey | 353 | |
| Use ability | 92 | |
1666 total
» units
| Peasant | 20 | |
| Footman | 5 | |
| Rifleman | 8 | |
| Priest | 2 | |
| Flying Machine | 6 | |
| Dragonhawk Rider | 12 | |
| Sorceress | 6 | |
| Goblin Shredder | 1 | |
| Gryphon Rider | 1 | |
| Goblin Zeppelin | 1 | |
62 total
» upgrades
| Masonry | 3 | |
| Swords | 1 | |
| Gunpowder | 1 | |
| Magic Sentry | 2 | |
| Armor | 1 | |
| Cloud | 1 | |
| Long Rifles | 1 | |
10 total
» buildings
| Farm | 10 | |
| Barracks | 1 | |
| Altar of Kings | 1 | |
| Lumber Mill | 1 | |
| Scout Tower | 18 | |
| Arcane Vault | 1 | |
| Blacksmith | 1 | |
| Arcane Tower | 5 | |
| Keep | 1 | |
| Arcane Sanctum | 1 | |
| Gryphon Aviary | 1 | |
| Workshop | 1 | |
| Guard Tower | 5 | |
| Castle | 1 | |
| Town Hall | 2 | |
50 total
» build order
00:31 Farm
00:40 Barracks
01:06 Altar of Kings
01:12 Farm
01:49 Farm
01:54 Lumber Mill
02:28 Farm
02:56 Scout Tower
03:00 Arcane Vault
03:12 Scout Tower
03:24 Scout Tower
03:34 Blacksmith
03:46 Farm
03:51 Arcane Tower
04:25 Scout Tower
04:37 Keep
05:00 Arcane Tower
05:04 Farm
07:36 Arcane Sanctum
07:53 Gryphon Aviary
08:12 Farm
08:35 Workshop
09:24 Farm
12:11 Scout Tower
12:35 Farm
12:40 Arcane Tower
12:43 Scout Tower
13:22 Farm
14:23 Guard Tower
14:28 Scout Tower
14:59 Guard Tower
16:28 Castle
17:45 Town Hall
17:52 Scout Tower
18:50 Guard Tower
18:54 Scout Tower
19:30 Arcane Tower
21:56 Scout Tower
22:09 Scout Tower
22:40 Guard Tower
22:44 Scout Tower
23:15 Arcane Tower
25:53 Scout Tower
26:54 Guard Tower
27:00 Scout Tower
28:09 Scout Tower
28:43 Town Hall
33:32 Scout Tower
34:13 Scout Tower
34:40 Guard Tower
34:42 Scout Tower
team 2 (winner)
muci (
red | 77 APM | 2693 actions | 34:48)
8 Blademaster
3 Wind Walk
3 Critical Strike
1 Bladestorm
1 Mirror Image
5 Dark Ranger
2 Life Drain
3 Silence
» actions
| Assign group hotkey | 88 | |
| Basic commands | 77 | |
| Build / train | 115 | |
| Enter build submenu | 45 | |
| Enter hero's abilities submenu | 13 | |
| Give item / drop item | 14 | |
| Right click | 1230 | |
| Select / deselect | 472 | |
| Select group hotkey | 404 | |
| Use ability | 235 | |
2693 total
» units
| Peon | 11 | |
| Wind Rider | 5 | |
| Troll Batrider | 17 | |
| Goblin Shredder | 3 | |
| Troll Witch Doctor | 1 | |
| Goblin Zeppelin | 2 | |
39 total
» upgrades
| Ranged Weapons | 3 | |
| Liquid Fire | 1 | |
| Reinforced Defenses | 1 | |
| Armor | 3 | |
| Witch Doctor Training | 2 | |
| Troll Regeneration | 1 | |
11 total
» buildings
| Altar of Storms | 1 | |
| Orc Burrow | 5 | |
| Voodoo Lounge | 1 | |
| War Mill | 1 | |
| Watch Tower | 37 | |
| Stronghold | 1 | |
| Beastiary | 3 | |
| Great Hall | 1 | |
| Spirit Lodge | 1 | |
| Fortress | 1 | |
| Barracks | 1 | |
53 total
» build order
00:04 Altar of Storms
00:17 Orc Burrow
00:53 Voodoo Lounge
01:10 War Mill
02:39 Orc Burrow
02:41 Watch Tower
03:08 Stronghold
03:32 Watch Tower
04:09 Watch Tower
04:16 Watch Tower
05:30 Beastiary
05:32 Beastiary
05:36 Orc Burrow
07:45 Orc Burrow
09:05 Watch Tower
09:07 Watch Tower
09:37 Watch Tower
09:38 Watch Tower
10:59 Great Hall
11:00 Watch Tower
11:01 Watch Tower
11:51 Watch Tower
11:52 Watch Tower
12:22 Watch Tower
12:23 Orc Burrow
12:59 Watch Tower
13:33 Watch Tower
13:37 Watch Tower
16:46 Spirit Lodge
18:57 Beastiary
18:58 Fortress
20:39 Watch Tower
22:25 Watch Tower
22:28 Watch Tower
22:59 Watch Tower
23:00 Watch Tower
23:01 Watch Tower
23:03 Watch Tower
23:04 Watch Tower
23:05 Watch Tower
23:15 Barracks
23:33 Watch Tower
33:11 Watch Tower
33:13 Watch Tower
33:16 Watch Tower
33:16 Watch Tower
33:19 Watch Tower
33:20 Watch Tower
33:21 Watch Tower
33:24 Watch Tower
33:25 Watch Tower
33:26 Watch Tower
33:28 Watch Tower
» items
| Lesser Clarity Potion | 17 | |
| Healing Salve | 8 | |
| Boots of Speed | 1 | |
| Staff of Teleportation | 2 | |
| Scroll of Town Portal | 1 | |
| Scroll of Speed | 1 | |
| Potion of Healing | 8 | |
| Orb of Lightning | 1 | |
| Tiny Great Hall | 1 | |
| Periapt of Vitality | 1 | |
| Potion of Mana | 3 | |
44 total
Chat log
(00:14 / All) Edward_Teach: gl hf